 Dungeon Crawl Stone Soup version 0.28.0-43-g3370ac3207 (webtiles) character file.

Game seed: 5497162152145237157

21 fknight the Chopper (level 2, 0/27 HPs)
             Began as a Hill Orc Monk on Mar 2, 2022.
             Succumbed to an adder's poison
             ... on level 2 of the Dungeon.
             The game lasted 00:02:18 (1294 turns).

fknight the Chopper (Hill Orc Monk)                 Turns: 1294, Time: 00:02:19

Health: 0/27       AC:  2    Str: 13    XL:     2   Next: 87%
Magic:  2/2        EV: 12    Int: 10    God:
Gold:   47         SH:  0    Dex: 13    Spells: 1/1 levels left

rFire   . . .      SeeInvis .   a - +0 hand axe
rCold   . . .      Faith    .   (no shield)
rNeg    . . .      Spirit   .   b - +0 robe
rPois   .          Reflect  .   (no helmet)
rElec   .          Harm     .   (no cloak)
rCorr   .          Rampage  .   (no gloves)
Will    .....                   (no boots)
Stlth   ++........              (no amulet)
HPRegen 0.09/turn               (no ring)
MPRegen 0.08/turn               (no ring)

@: lethally poisoned (0 -> -4)
A: no striking features
a: no special abilities


You were on level 2 of the Dungeon.
You visited 1 branch of the dungeon, and saw 2 of its levels.

You collected 47 gold pieces.

Inventory:

Hand Weapons
 a - a +0 hand axe (weapon)
 d - a +1 short sword of freezing
Missiles
 c - 11 bolts
Armour
 b - a +0 robe (worn)
Potions
 e - a potion of ambrosia {unknown}
 g - a potion of might {unknown}


   Skills:
 + Level 4.0 Fighting
 + Level 4.3 Axes
 + Level 2.6 Dodging
 + Level 1.9 Stealth


You had one spell level left.
You didn't know any spells.
Your spell library contained the following spells:

 Spells                   Type           Power      Damage    Failure   Level
 Foxfire                  Conj/Fire      0%         2x1d4     36%         1
 Conjure Flame            Conj/Fire      0%         6-21      75%         3
 Gell's Gravitas          Tloc           0%         N/A       75%         3
 Inner Flame              Hex/Fire       0%         N/A       75%         3
 Lesser Beckoning         Tloc           0%         N/A       75%         3
 Teleport Other           Tloc           0%         N/A       75%         3
 Flame Wave               Conj/Fire      0%         2d4       98%         4


Dungeon Overview and Level Annotations

Branches:
Dungeon (2/15)

Altars:


Message History

The bat is moderately wounded.
The bat hits you but does no damage.
You hit the bat.
You kill the bat!
Your Fighting skill increases to level 4!
HP restored.
Found a stone staircase leading down.
You now have 47 gold pieces (gained 13).
You open the door.
Found an escape hatch in the ceiling.
There is an open door here.
An adder comes into view.
You closely miss the adder. The adder misses you.
You closely miss the adder. The adder completely misses you.
You barely miss the adder. The adder bites you.
You are poisoned.
The adder poisons you! The adder closely misses you.
You slash the adder!
The adder is severely wounded.
You feel sick. The adder barely misses you.
You barely miss the adder.
The adder is severely wounded.
You feel sick. The adder closely misses you.
You barely miss the adder.
The adder is severely wounded.
You feel sick. The adder bites you. x2
You are more poisoned.
The adder poisons you!
You closely miss the adder.
The adder is severely wounded.
You feel sick. The adder closely misses you.
You barely miss the adder.
The adder is severely wounded.
You feel sick. The adder bites you.
* * * LOW HITPOINT WARNING * * *
The adder bites you.
* * * LOW HITPOINT WARNING * * *
You hit the adder but do no damage.
The adder is severely wounded.
You die...

#########
#@S......
#.####### #.#
#.# #.# #.#
#)..........
#.#
#...........#
#.#
##...........#
#.#


You could see an adder.

Vanquished Creatures
  A worm (D:2)
  A ball python (D:1)
  5 bats
  An endoplasm (D:1)
  3 goblins (D:1)
  A hobgoblin (D:1)
  A quokka (D:1)
  2 kobolds (D:1)
  A rat (D:1)
16 creatures vanquished.

Notes
Turn   | Place    | Note
-------+----------+-------------------------------------------
     0 | D:1      | fknight the Hill Orc Monk began the quest for the Orb.
     0 | D:1      | Reached XP level 1. HP: 19/19 MP: 1/1
   478 | D:1      | Reached XP level 2. HP: 27/27 MP: 2/2
   592 | D:1      | Found a faded altar of an unknown god.
  1293 | D:2      | HP: 1/27 [adder (2)]
  1294 | D:2      | Succumbed to an adder's poison

Illustrated notes

Levels and vault maps discovered:
D:1:      beargit_arrival_diablo_church, layout_basic,
          ebering_ecumenical_altar_ruins, bh_walls_and_bars
D:2:      layout_basic

Skill      XL: |  1  2 |
---------------+-------+-----
Fighting       | 4 |  4.0
Axes           | |  4.3
Dodging        | |  2.6
Stealth        | |  1.9

Action                   || total
-------------------------++-------
Melee: Hand axe          ||    75
Throw: Stone             ||     1
 Stab: Sleeping          ||     1
Armor: Robe              ||    15
Dodge: Dodged            ||    56
